 Dungeon Crawl Stone Soup version 0.31-a0-854-g362426d53f (webtiles) character file.

Game seed: 13191201517844371904

5 TheGamechu the Caller (level 1, -1/10 HPs)
             Began as a Deep Elf Summoner on Oct 8, 2023.
             Slain by a kobold
             ... wielding a +0 short sword
              (3 damage)
             ... on level 1 of the Dungeon.
             The game lasted 00:01:08 (260 turns).

TheGamechu the Caller (Deep Elf Summoner)            Turns: 260, Time: 00:01:08

Health: -1/10      AC:  2    Str:  5    XL:     1   Next: 66%
Magic:  4/6        EV: 12    Int: 19    God:
Gold:   31         SH:  0    Dex: 15    Spells: 5/6 levels left

rFire   . . .        d - +0 short sword
rCold   . . .        (no shield)
rNeg    . . .        a - +0 robe
rPois   .            (no helmet)
rElec   .            (no cloak)
rCorr   .            (no gloves)
SInv    .            (no boots)
Will    .....        (no amulet)
Stlth   ++           (no ring)
HPRegen 0.21/turn    (no ring)
MPRegen 0.10/turn

%: no passive effects
@: no status effects
A: no striking features
a: no special abilities


You were on level 1 of the Dungeon.
You visited 1 branch of the dungeon, and saw 1 of its levels.

You collected 31 gold pieces.

Inventory:

Hand Weapons
 d - a +0 short sword (weapon)
Armour
 a - a +0 robe (worn)
Scrolls
 c - a scroll of revelation {unknown}
Potions
 b - a potion of magic


   Skills:
 + Level 2.6 Dodging
 + Level 2.6 Stealth
 + Level 3.1 Spellcasting
 + Level 4.4 Summonings


You had 5 spell levels left.
You knew the following spells:

 Your Spells              Type           Power      Damage    Failure   Level
a - Summon Small Mammal   Summ           80%        N/A       2%          1

Your spell library contained the following spells:

 Spells                   Type           Power      Damage    Failure   Level
 Call Imp                 Summ           40%        N/A       3%          2
 Call Canine Familiar     Summ           20%        N/A       7%          3
 Summon Guardian Golem    Hex/Summ       11%        N/A       19%         3
 Summon Lightning Spire   Summ/Air       11%        N/A       52%         4


Dungeon Overview and Level Annotations

Branches:
Dungeon (1/15)

Altars:


Message History

Setting a skill training target for Short Blades at 10.0.
d - a +0 short sword (weapon)
The endoplasm quivers.
You swap places.
The endoplasm freezes you.
You are frozen.
Your quokka misses the frilled lizard.
Your quokka barely misses the frilled lizard.
You hit the endoplasm.
The endoplasm is moderately wounded.
The endoplasm freezes you.
You are frozen.
You hit the endoplasm.
The endoplasm is heavily wounded.
The endoplasm freezes you.
You are frozen.
You hit the endoplasm.
You kill the endoplasm!
Your rat barely misses the frilled lizard.
The frilled lizard closely misses you.
Your quokka bites the frilled lizard.
The frilled lizard dies!
Magic restored.
Your quokka disappears in a puff of smoke!
Your rat disappears in a puff of smoke!
HP restored.
A giant cockroach comes into view.
Found a stone staircase leading down.
A kobold comes into view. It is wielding a +0 short sword.
Found a scroll labelled QITAUCLEAS.
The kobold shouts!
Casting: Summon Small Mammal (safe; 2% risk of failure)
Confirm with . or Enter, or press ? or * to list all spells.
The kobold hits you with a +0 short sword.
The kobold hits you with a +0 short sword.
* * * LOW HITPOINT WARNING * * *
Your quokka bites the kobold.
Casting: Summon Small Mammal (safe; 2% risk of failure)
Confirm with . or Enter, or press ? or * to list all spells.
The kobold hits you with a +0 short sword.
You die...

#.. ... #..
.#.###########
###.#.#.........# # #..
#.#.#######.# .# #.#
#.#.# #.# ..# ##.###.#.#
#r# ...#
.....#.#.#######@#..?#
...............#.Kr..#
...............#...#>#
.#..†.......####B.....
†#........#..........#..
..........#######..###
#........... ...
............. #...
#.#########.# ####


You could see a giant cockroach, a kobold (ally target) and 2 friendly quokkas.

Vanquished Creatures
  An endoplasm (D:1)
1 creature vanquished.

Vanquished Creatures (collateral kills)
  A quokka (D:1)
  A frilled lizard (D:1)
  2 kobolds (D:1)
4 creatures vanquished.

Grand Total: 5 creatures vanquished

Notes
Turn   | Place    | Note
-------+----------+-------------------------------------------
     0 | D:1      | TheGamechu the Deep Elf Summoner began the quest for the
                  | Orb.
     0 | D:1      | Reached XP level 1. HP: 10/10 MP: 6/6
   260 | D:1      | Slain by a kobold

Illustrated notes

Levels and vault maps discovered:
D:1:      nzn_arrival_depleted_hourglass, layout_basic

Action                     || total
---------------------------++-------
  Melee: Short sword       ||     3
   Cast: Summon Small Mamm ||     6
 Armour: Robe              ||     3
  Dodge: Dodged            ||     1

Table legend: (Time is in decaauts)
 A = Elapsed time spent in this place.
 B = Non-inter-level travel time spent in this place.
 C = Inter-level travel time spent in this place.
 D = Time resting spent in this place.
 E = Time spent auto-exploring this place.
 F = Levels seen in this place.
 G = Mean time per level.
                   A        B        C        D        E       F      G
               +--------+--------+--------+--------+--------+-----+--------+
         Total |    259 |    259 |      0 |      0 |    204 |   1 |  259.0 |
       Dungeon |    259 |    259 |      0 |      0 |    204 |   1 |  259.0 |
               +--------+--------+--------+--------+--------+-----+--------+

Top non-repeatable levels by time:
     D:1: 259 daAuts
